 Dungeon Crawl Stone Soup version 0.21.1-1-g345015f (webtiles) character file.

730 tidbits the Insei (level 7, -1/53 HPs)
             Began as a Gnoll Transmuter on Feb 6, 2018.
             Slain by a sky beast (2 damage)
             ... on level 7 of the Dungeon.
             The game lasted 00:10:00 (1331 turns).

tidbits the Insei (Gnoll Transmuter)                Turns: 1331, Time: 00:10:00

Health: -1/53      AC:  2    Str: 13    XL:     7   Next: 73%
Magic:  9/15       EV: 24    Int: 17    God:
Gold:   201        SH:  0    Dex: 20    Spells: 7/17 levels left

rFire    . . .     SeeInvis .     - Unarmed
rCold    . . .     Gourm    .   (shield currently unavailable)
rNeg     . . .     Faith    .   (armour currently unavailable)
rPois    x         Spirit   .   (helmet currently unavailable)
rElec    .         Reflect  .   (cloak currently unavailable)
rCorr    +         Harm     .   (gloves currently unavailable)
MR       .....     Rnd*Tele +   (boots currently unavailable)
Stlth    ++........             (no amulet)
HPRegen  0.17/turn              i - ring of teleportation (curse)
MPRegen  0.14/turn              u - ring of resist corrosion

@: spider-form, very slightly contaminated
A: tiny, distributed training, strong nose
a: End Transformation


You were on level 7 of the Dungeon.
You were not hungry.
You were a venomous arachnid creature.
You visited 1 branch of the dungeon, and saw 8 of its levels.

You collected 201 gold pieces.

Inventory:

Hand Weapons
 a - a +0 dagger of venom (melded)
   (You took it off an orc on level 3 of the Dungeon)
 f - a +0 war axe
 k - a +3 quarterstaff of chaos
   (You took it off Crazy Yiuf on level 2 of the Dungeon)
 l - a +2 morningstar of holy wrath
   (You took it off an orc on level 4 of the Dungeon)
 m - a +0 short sword
 q - a +0 dagger
Missiles
 n - 10 tomahawks (quivered)
 r - 65 arrows
Armour
 e - a +0 ring mail
 s - a cursed -2 leather armour
 B - a +0 robe (melded)
 C - a +1 cloak (melded)
 D - a +2 shield
 G - a +0 pair of gloves (melded)
Jewellery
 i - a cursed ring of teleportation (left front leg)
   (You took it off a goblin on level 2 of the Dungeon)
 u - a ring of resist corrosion (right front leg)
   (You found it on level 7 of the Dungeon)
 I - an uncursed ring of see invisible
   (You found it on level 4 of the Dungeon)
Wands
 h - a wand of random effects (25)
Scrolls
 g - a scroll of noise
 o - 4 scrolls of fog
 t - a scroll of amnesia
Potions
 b - a potion of cancellation {unknown}
 p - a potion of flight {unknown}
Books
 d - a book of Changes

   Spells                             Type                      Level
   a - Beastly Appendage              Transmutation                1
   b - Sticks to Snakes               Transmutation                2
   c - Spider Form                    Transmutation/Poison         3
   d - Ice Form                       Ice/Transmutation            4
   e - Blade Hands                    Transmutation                5
 j - a book of Misfortune
   (You found it on level 5 of the Dungeon)

   Spells                             Type                      Level
   a - Confusing Touch                Hexes                        1
   b - Confuse                        Hexes                        3
   c - Gell's Gravitas                Translocation                3
   d - Petrify                        Transmutation/Earth          4
   e - Metabolic Englaciation         Hexes/Ice                    5
   f - Yara's Violent Unravelling     Hexes/Transmutation          5
Comestibles
 c - 4 rations


   Skills:
 + Level 3.7 Fighting
 + Level 2.6 Short Blades
 + Level 2.6 Long Blades
 + Level 2.6 Axes
 + Level 2.6 Maces & Flails
 + Level 2.6 Polearms
 + Level 2.6 Staves
 + Level 2.6 Slings
 + Level 2.6 Bows
 + Level 2.6 Crossbows
 + Level 2.6 Throwing
 + Level 2.6 Armour
 + Level 5.3 Dodging
 + Level 2.6 Stealth
 + Level 2.6 Shields
 + Level 7.1 Unarmed Combat
 + Level 5.7 Spellcasting
 + Level 2.1 Conjurations
 + Level 2.1 Hexes
 + Level 2.1 Charms
 + Level 2.1 Summonings
 + Level 2.1 Necromancy
 + Level 2.1 Translocations
 + Level 4.4 Transmutations
 + Level 2.1 Fire Magic
 + Level 2.1 Ice Magic
 + Level 2.1 Air Magic
 + Level 2.1 Earth Magic
 + Level 2.1 Poison Magic
 + Level 2.9 Invocations
 + Level 2.6 Evocations


You had 7 spell levels left.
You knew the following spells:

 Your Spells              Type           Power        Failure   Level  Hunger
c - Confuse               Hex            ##......     34%         3    ##.....
e - Beastly Appendage     Tmut           ###...       9%          1    None
k - Sticks to Snakes      Tmut           ###.....     11%         2    #......
p - Spider Form           Tmut/Pois      ###.......   26%         3    ##.....
t - Confusing Touch       Hex            ##....       16%         1    None


Dungeon Overview and Level Annotations

Branches:
Dungeon (8/15)
 Temple: D:4-7         Lair: D:8-11

Altars:
Hepliaklqana
Zin


Innate Abilities, Weirdness & Mutations

Your experience applies equally to all skills.
((You have very sharp teeth.))
Your uncanny sense of smell can sniff out nearby items.


Message History

You hit the troll.
The troll is poisoned.
The troll is moderately wounded.
The troll completely misses you. x2; The troll claws you!
Your ball python bites the troll.
You hit the troll but do no damage.
The troll is moderately wounded.
Your ball python closely misses the troll.
The troll bites you!!
* * * LOW HITPOINT WARNING * * *
The troll claws you.
* * * LOW HITPOINT WARNING * * *
The troll closely misses you.
You barely miss the troll.
The troll is moderately wounded.
Your ball python barely misses the troll.
You hit the troll.
The troll is heavily wounded.
The troll completely misses you. x2; The troll misses you.
Your ball python barely misses the troll.
You hit the troll.
The troll looks as sick as possible!
The troll is heavily wounded.
The troll misses you. The troll completely misses you.
The troll barely misses you.
Your ball python bites the troll but does no damage.
You hit the troll.
The troll is heavily wounded.
The troll bites you but does no damage. The troll claws you!
* * * LOW HITPOINT WARNING * * *
The troll claws you.
* * * LOW HITPOINT WARNING * * *
Your ball python bites the troll.
You hit the troll.
The troll looks as sick as possible!
The troll is severely wounded.
Your ball python bites the troll.
The troll closely misses you. The troll completely misses you.
The troll closely misses you.
You hit the troll.
The troll looks as sick as possible!
The troll is almost dead.
You kill the troll!
Your Conjurations skill increases to level 2!
Your Hexes skill increases to level 2!
Your Charms skill increases to level 2!
Your Summonings skill increases to level 2!
Your Necromancy skill increases to level 2!
Your Translocations skill increases to level 2!
Your Fire Magic skill increases to level 2!
Your Ice Magic skill increases to level 2!
Your Air Magic skill increases to level 2!
Your Earth Magic skill increases to level 2!
Your Poison Magic skill increases to level 2!
Your transformation has ended.
Your +0 dagger of venom unmelds from your body.
Your +1 cloak unmelds from your body.
Your +0 pair of gloves unmelds from your body.
Your +0 robe unmelds from your body.
Your +0 dagger of venom begins to drip with poison!
Your ball python withers and dies!
Found a stone staircase leading down.
There is a stone staircase leading down here.
Magic restored.
You climb downwards.
There is a stone staircase leading up here.
Unknown command.
You climb upwards.
There is a stone staircase leading down here.
Unknown command.
Found a hazy altar of Hepliaklqana.
A sky beast comes into view.
Casting: Sticks to Snakes
Confirm with . or Enter, or press ? or * to list all spells.
You miscast Spider Form.
You are very lightly contaminated with residual magic.
You smell something strange.
Casting: Spider Form
Confirm with . or Enter, or press ? or * to list all spells.
You turn into a venomous arachnid creature.
Your +0 dagger of venom melds into your body.
Your +1 cloak melds into your body.
Your +0 pair of gloves melds into your body.
Your +0 robe melds into your body.
Your +0 dagger of venom stops dripping with poison.
The sky beast hits you.
* * * LOW HITPOINT WARNING * * *
The sky beast shocks you.
* * * LOW HITPOINT WARNING * * *
You hit the sky beast.
The sky beast is poisoned.
The sky beast is lightly wounded.
The sky beast misses you.
You barely miss the sky beast.
The sky beast is lightly wounded.
The sky beast closely misses you.
You closely miss the sky beast.
The sky beast is moderately wounded.
The sky beast hits you.
* * * LOW HITPOINT WARNING * * *
The sky beast shocks you.
* * * LOW HITPOINT WARNING * * *
You hit the sky beast.
The sky beast looks as sick as possible!
The sky beast is moderately wounded.
The sky beast hits you.
You die...

####. ###### #. #### ...
..# #. .....####.####.#
## .............#.#
###.####.#.######
##.....##.#.......
#.......#.......#. ∆
#s......#....#..#.
#.....Y..._.....##.#....
##.#..#.......#.##.##.#.
#..#.......#.##.##... #.
##.....##......... #.
###.####...####.# # ....
....# #.# .###.. ###.#
... .# #..#


You could see a sky beast.

Vanquished Creatures
  A troll (D:7)
  The ghost of Xelenos the Covert, an amateur SpAs (D:4)
  A necrophage (D:5)
  A bullfrog (D:8)
  A howler monkey (D:5)
  A bullfrog skeleton (D:8)
  Crazy Yiuf (D:2)
  2 orc priests (D:4)
  4 adders
  A shadow imp (D:5)
  2 leopard geckos
  14 orcs
  2 ball pythons
  4 bats
  A giant cockroach (D:2)
  2 hobgoblins
  6 jackals
  2 kobolds (D:3)
  3 goblins
  A jackal skeleton (D:4)
  A leopard gecko skeleton (D:7)
52 creatures vanquished.

Vanquished Creatures (collateral kills)
  A worm (D:3)
  A leopard gecko (D:1)
  An orc (D:4)
  A bat (D:1)
  A giant cockroach (D:4)
  A kobold (D:1)
6 creatures vanquished.

Grand Total: 58 creatures vanquished

Notes
Turn   | Place    | Note
-------+----------+-------------------------------------------
     0 | D:1      | tidbits the Gnoll Transmuter began the quest for the Orb.
     0 | D:1      | Reached XP level 1. HP: 17/17 MP: 6/6
    74 | D:1      | Reached XP level 2. HP: 23/23 MP: 5/7
    78 | D:1      | Learned a level 2 spell: Sticks to Snakes
   223 | D:2      | Found a glowing silver altar of Zin.
   266 | D:2      | Found a runed door.
   271 | D:2      | Noticed Crazy Yiuf
   277 | D:2      | Killed Crazy Yiuf
   277 | D:2      | Reached skill level 5 in Spellcasting
   277 | D:2      | Reached skill level 1 in Invocations
   277 | D:2      | Reached XP level 3. HP: 11/28 MP: 4/9
   409 | D:1      | Reached skill level 1 in Short Blades
   409 | D:1      | Reached skill level 1 in Long Blades
   409 | D:1      | Reached skill level 1 in Axes
   409 | D:1      | Reached skill level 1 in Maces & Flails
   409 | D:1      | Reached skill level 1 in Polearms
   409 | D:1      | Reached skill level 1 in Staves
   409 | D:1      | Reached skill level 1 in Slings
   409 | D:1      | Reached skill level 1 in Bows
   409 | D:1      | Reached skill level 1 in Crossbows
   409 | D:1      | Reached skill level 1 in Throwing
   409 | D:1      | Reached skill level 1 in Armour
   409 | D:1      | Reached skill level 1 in Stealth
   409 | D:1      | Reached skill level 1 in Shields
   409 | D:1      | Reached skill level 1 in Evocations
   482 | D:3      | Reached XP level 4. HP: 22/34 MP: 4/11
   576 | D:3      | Learned a level 3 spell: Spider Form
   631 | D:3      | Reached skill level 1 in Conjurations
   631 | D:3      | Reached skill level 1 in Hexes
   631 | D:3      | Reached skill level 1 in Charms
   631 | D:3      | Reached skill level 1 in Summonings
   631 | D:3      | Reached skill level 1 in Necromancy
   631 | D:3      | Reached skill level 1 in Translocations
   631 | D:3      | Reached skill level 1 in Fire Magic
   631 | D:3      | Reached skill level 1 in Ice Magic
   631 | D:3      | Reached skill level 1 in Air Magic
   631 | D:3      | Reached skill level 1 in Earth Magic
   631 | D:3      | Reached skill level 1 in Poison Magic
   642 | D:4      | Noticed a bullfrog
   704 | D:4      | Noticed Xelenos's ghost (amateur SpAs)
   717 | D:4      | Killed Xelenos's ghost
   717 | D:4      | Reached skill level 3 in Fighting
   717 | D:4      | Reached skill level 4 in Transmutations
   717 | D:4      | Reached skill level 2 in Invocations
   717 | D:4      | Reached XP level 5. HP: 41/41 MP: 6/12
   717 | D:4      | Reached XP level 6. HP: 47/47 MP: 6/13
   793 | D:5      | Entered Level 5 of the Dungeon
   897 | D:5      | Noticed a necrophage
   904 | D:5      | Killed a necrophage
   904 | D:5      | Reached skill level 2 in Short Blades
   904 | D:5      | Reached skill level 2 in Long Blades
   904 | D:5      | Reached skill level 2 in Axes
   904 | D:5      | Reached skill level 2 in Maces & Flails
   904 | D:5      | Reached skill level 2 in Polearms
   904 | D:5      | Reached skill level 2 in Staves
   904 | D:5      | Reached skill level 2 in Slings
   904 | D:5      | Reached skill level 2 in Bows
   904 | D:5      | Reached skill level 2 in Crossbows
   904 | D:5      | Reached skill level 2 in Throwing
   904 | D:5      | Reached skill level 2 in Armour
   904 | D:5      | Reached skill level 5 in Dodging
   904 | D:5      | Reached skill level 2 in Stealth
   904 | D:5      | Reached skill level 2 in Shields
   904 | D:5      | Reached skill level 2 in Evocations
   918 | D:5      | Learned a level 1 spell: Confusing Touch
   922 | D:5      | Learned a level 3 spell: Confuse
  1051 | D:5      | Reached XP level 7. HP: 34/52 MP: 11/15
  1145 | D:8      | Reached skill level 7 in Unarmed Combat
  1280 | D:7      | Noticed a troll
  1290 | D:7      | Killed a troll
  1290 | D:7      | Reached skill level 2 in Conjurations
  1290 | D:7      | Reached skill level 2 in Hexes
  1290 | D:7      | Reached skill level 2 in Charms
  1290 | D:7      | Reached skill level 2 in Summonings
  1290 | D:7      | Reached skill level 2 in Necromancy
  1290 | D:7      | Reached skill level 2 in Translocations
  1290 | D:7      | Reached skill level 2 in Fire Magic
  1290 | D:7      | Reached skill level 2 in Ice Magic
  1290 | D:7      | Reached skill level 2 in Air Magic
  1290 | D:7      | Reached skill level 2 in Earth Magic
  1290 | D:7      | Reached skill level 2 in Poison Magic
  1316 | D:7      | Found a hazy altar of Hepliaklqana.
  1330 | D:7      | HP: 1/53 [sky beast (5)]
  1331 | D:7      | Slain by a sky beast

Skill      XL: |  1  2  3  4  5  6  7 |
---------------+----------------------+-----
Spellcasting   | 5 |  5.7
Invocations    | 1 2 |  2.9
Short Blades   | 1 2 |  2.6
Long Blades    | 1 2 |  2.6
Axes           | 1 2 |  2.6
Maces & Flails | 1 2 |  2.6
Polearms       | 1 2 |  2.6
Staves         | 1 2 |  2.6
Slings         | 1 2 |  2.6
Bows           | 1 2 |  2.6
Crossbows      | 1 2 |  2.6
Throwing       | 1 2 |  2.6
Armour         | 1 2 |  2.6
Stealth        | 1 2 |  2.6
Shields        | 1 2 |  2.6
Evocations     | 1 2 |  2.6
Conjurations   | 1 2 |  2.1
Hexes          | 1 2 |  2.1
Charms         | 1 2 |  2.1
Summonings     | 1 2 |  2.1
Necromancy     | 1 2 |  2.1
Translocations | 1 2 |  2.1
Fire Magic     | 1 2 |  2.1
Ice Magic      | 1 2 |  2.1
Air Magic      | 1 2 |  2.1
Earth Magic    | 1 2 |  2.1
Poison Magic   | 1 2 |  2.1
Fighting       | 3 |  3.7
Transmutations | 4 |  4.4
Dodging        | 5 |  5.3
Unarmed Combat | 7 |  7.1

Action                   |  1- 3 |  4- 6 |  7- 9 || total
-------------------------+-------+-------+-------++-------
Melee: Unarmed           |    36 |    63 |    31 ||   130
       Kick              |     3 |     2 |       ||     5
       Headbutt          |     5 |       |       ||     5
       Bite              |     1 |       |       ||     1
       Punch             |       |     1 |       ||     1
       Dagger            |       |     1 |     1 ||     2
 Cast: Beastly Appendage |    11 |     1 |       ||    12
       Sticks to Snakes  |     4 |     9 |     2 ||    15
       Spider Form       |       |    10 |     5 ||    15
  Use: Scroll            |       |    11 |       ||    11
       Potion            |       |     3 |       ||     3
  Eat: Chunk             |       |     1 |       ||     1
       Ration            |       |       |     1 ||     1
Armor: Robe              |     6 |     2 |     1 ||     9
       Skin              |       |     7 |     1 ||     8
Dodge: Dodged            |    19 |    52 |    33 ||   104

Table legend:
 A = Turns spent in this place as a percentage of turns spent in the entire game.
 B = Non-inter-level travel turns spent in this place as a percentage of non-inter-level travel turns spent in the entire game.
 C = Inter-level travel turns spent in this place as a percentage of turns spent in this place.
 D = Turns resting spent in this place as a percentage of non-inter-level travel turns spent in this place.
 E = Turns spent auto-exploring this place as a percentage of non-inter-level travel turns spent in this place.
 F = Non-inter-level travel turns spent in this place divided by the number of levels of this place that you've seen.
                   A       B       C       D       E      F
               +-------+-------+-------+-------+-------+----------------------
         Total | 100.0 | 100.0 |   0.8 |   0.0 |   0.0 | 165.1
       Dungeon | 100.0 | 100.0 |   0.8 |   0.0 |   0.0 | 165.1
               +-------+-------+-------+-------+-------+----------------------

Table legend:
 A = Kills in this place as a percentage of kills in entire the game.
 B = Kills by you in this place as a percentage of kills by you in the entire game.
 C = Kills by friends in this place as a percentage of kills by friends in the entire game.
 D = Other kills in this place as a percentage of other kills in the entire game.
 E = Experience gained in this place as a percentage of experience gained in the entire game.
 F = Experience gained in this place divided by the number of levels of this place that you have seen.
                   A       B       C       D       E      F
               +-------+-------+-------+-------+-------+----------------------
         Total | 100.0 | 100.0 | 100.0 |   N/A | 100.0 | 130.4
       Dungeon | 100.0 | 100.0 | 100.0 |   N/A | 100.0 | 130.4
               +-------+-------+-------+-------+-------+----------------------

Vault maps used:
D:1:      minmay_arrival_semitransparent
D:2:      nicolae_overflow_hidden_temple, uniq_crazy_yiuf_cottage
D:3:      first_ration, amethyst_killhole, grunt_ministairs_7
D:4:      wad_floor_pattern_untrapped, nrook_mini_vaults
D:5:      serial_park_tiny_1, corexii_corridor_pit
D:6:      marbit_many_paths, uniq_menkaure
D:7:      old_standard_altar, minmay_temple_entry_fiery
D:8:      wad_river_or_something, special_room, blue_anna_alchemist,
          minivault_11, lightli_orcish_oven
